 Dungeon Crawl Stone Soup version 0.27.1-33-g824d729ab1 (webtiles) character file.

Game seed: 4345814348157755001

21110 unlimited1921 the Quickloader (level 12, -11/111 HPs)
             Began as a Troll Hunter on Dec 3, 2021.
             Was an Initiate of Gozag.
             Hit by a large rock thrown by a stone giant (16 damage)
             ... on level 1 of the Orcish Mines.
             The game lasted 01:13:12 (17447 turns).

unlimited1921 the Quickloader (Troll Hunter)       Turns: 17447, Time: 01:13:19

Health: -11/111    AC: 14    Str: 28    XL:     12   Next: 51%
Magic:  11/11      EV: 15    Int:  5    God:    Gozag
Gold:   1387       SH:  5    Dex: 11    Spells: 11/11 levels left

rFire    . . .     SeeInvis .   u - +0 dagger (drain)
rCold    . . .     Faith    .   (no shield)
rNeg     . . .     Spirit   .   D - +4 swamp dragon scales
rPois    +         Reflect  +   (helmet restricted)
rElec    .         Harm     .   (no cloak)
rCorr    .         Rampage  .   (gloves unavailable)
Will     .....                  (boots unavailable)
Stlth    +.........             N - amulet of reflection
HPRegen  1.28/turn              s - +4 ring of slaying
MPRegen  0.12/turn              r - +4 ring of evasion

@: no status effects
A: large, unfitting armour, claws 3, regeneration 1, shaggy fur 1, tough skin 1,
horns 1, dopey 1, frail 1, strong 1
a: Renounce Religion, Potion Petition, Call Merchant, Bribe Branch


You were on level 1 of the Orcish Mines.
You worshipped Gozag.
Gozag was most pleased with you.
You visited 3 branches of the dungeon, and saw 12 of its levels.
You also visited: Sewer and Bailey.

You collected 2238 gold pieces.
You spent 641 gold pieces at shops.
You paid 210 gold pieces to Gozag.

Inventory:

Hand Weapons
 a - a +1 hand crossbow
 h - a +3 short sword of electrocution
 i - a +0 arbalest
 n - a +2 longbow of freezing
 t - a +0 long sword
 u - a +0 dagger of draining (weapon)
 z - a +0 trident
 F - a +2 arbalest
 G - a +3 falchion
 I - a +0 great sword
 M - a +2 spear of venom
 Q - a +1 flail of protection
 S - a +4 arbalest of freezing
 T - a +0 dire flail
Missiles
 d - 200 bolts
 w - 87 arrows
 x - 17 poisoned darts
 A - 8 boomerangs
 J - 5 curare-tipped darts
Armour
 y - a +0 kite shield
 D - +4 swamp dragon scales (worn)
 K - a +0 tower shield
Jewellery
 j - a ring of protection from fire
 r - a +4 ring of evasion (right claw)
 s - a +4 ring of slaying (left claw)
 H - a ring of resist corrosion
 N - an amulet of reflection (around neck)
Wands
 b - a wand of acid (14) (quivered)
 B - a wand of flame (12)
 R - a wand of paralysis (6)
Scrolls
 k - 2 scrolls of amnesia
 m - 3 scrolls of teleportation
 v - 2 scrolls of fog
 C - a scroll of enchant weapon
 L - a scroll of summoning {unknown}
Potions
 e - a potion of curing
 f - a potion of flight
 g - a potion of berserk rage {unknown}
 o - 5 potions of resistance
 p - a potion of mutation
 q - 2 potions of might
 E - a potion of lignification {unknown}
 O - a potion of haste {unknown}
 P - a potion of brilliance {unknown}


   Skills:
 - Level 9.6 Fighting
 - Level 0.4 Short Blades
 * Level 10.8 Crossbows
 - Level 1.0 Throwing
 + Level 5.0 Armour
 + Level 6.0 Dodging
 + Level 2.0 Stealth
 + Level 0.6 Shields


You had 11 spell levels left.
You didn't know any spells.
Your spell library contained the following spells:

 Spells                   Type           Power      Damage    Failure   Level
 Gell's Gravitas          Tloc           0%         N/A       92%         3
 Ozocubu's Armour         Ice            0%         N/A       92%         3
 Teleport Other           Tloc           0%         N/A       92%         3
 Metabolic Englaciation   Hex/Ice        0%         N/A       100%        5
 Dispersal                Tloc           0%         N/A       100%        6
 Simulacrum               Ice/Necr       0%         N/A       100%        6
 Malign Gateway           Summ/Tloc      0%         N/A       100%        7
 Summon Horrible Things   Summ           0%         N/A       100%        8


Dungeon Overview and Level Annotations

Branches:
Dungeon (9/15)             Temple (1/1) D:5            Lair (0/6) D:9
    Orc (2/2) D:9           Sewer (visited)          Bailey (visited)
    Elf: Orc:2

Altars:
Ashenzari
Cheibriados
Dithmenos
Elyvilon
Gozag
Hepliaklqana
Kikubaaqudgha
Makhleb
Nemelex Xobeh
Okawaru
Ru
Sif Muna
Trog
Uskayaw
Vehumet
Wu Jian
Yredelemnul
Zin
The Shining One

Shops:
D:2 !   D:4 *

Annotations:
D:8 2 transporters, GlazedDonut's ghost, novice DrSu


Innate Abilities, Weirdness & Mutations

You are too large for most types of armour.
You have claws for hands.
Your natural rate of healing is unusually fast.
You are covered in fur. (AC +1)
You have tough skin. (AC +1)
You have a pair of small horns on your head.
You are dopey. (Int -2)
You are frail. (-10% HP)
Your muscles are strong. (Str +2)


Message History

You shoot a bolt.
The bolt completely misses the stone giant.
The stone giant throws a large rock.
The large rock hits you but does no damage.
You shoot a bolt. The bolt hits the stone giant.
The bolt freezes the stone giant.
The stone giant is severely wounded.
You shoot a bolt. The bolt hits the stone giant!
The bolt freezes the stone giant!
The stone giant is almost dead.
The stone giant hits you!!
The stone giant throws a large rock.
The large rock hits you.
You shoot a bolt.
The bolt hits the stone giant but does no damage.
The stone giant is almost dead.
The stone giant throws a large rock.
The large rock misses you.
You shoot a bolt. The bolt hits the stone giant.
The bolt freezes the stone giant.
The stone giant is almost dead.
The stone giant hits you!
You are too injured to fight recklessly!
Your +4 arbalest of freezing stops glowing.
You sense an unholy aura.
u - a +0 dagger of draining (weapon)
You barely miss the stone giant.
The stone giant is almost dead.
The stone giant hits you! The stone giant hits you!
The stone giant throws a large rock.
The large rock hits you!!
* * * LOW HITPOINT WARNING * * *
You feel better.
The stone giant throws a large rock.
The large rock hits you!!
* * * LOW HITPOINT WARNING * * *
Aiming: Corrosive Bolt
Press: ? - help, Q - select action, (/) - cycle Shift-Dir - straight line, f/p - stone giant
Aim: a stone giant, quivering large rocks (almost dead, 100% to hit)
The bolt of acid hits the stone giant.
The stone giant is splashed with acid.
The stone giant is almost dead.
The stone giant throws a large rock.
The large rock hits you!
You die...
Your body crumbles into a pile of gold.

.......................>.........
..#...........(..................
......##....>......[.............
.....##...........[........#...##
..............(...[............##
...........###...##............##
#.#.........#∩...∩#............#.
####....#...#.....#...........##.
.##.....##..#∩C⌠@∩#..#...#.......
..##.[.###..#.....#####.#........
.##...###.#.#∩...∩# ##.##.#.....
.#.)).##....##...## #...##......
..#..##.......##.# ##..........#
.............##### #.......#....
.....#.......# ##.#..###...#
...####.#....# ##...#....## .###
#......## ##.#....###


You could see a stone giant.

Vanquished Creatures
  An ettin (Orc:1)
  2 two-headed ogres (Orc:1)
  3 orc knights
  The ghost of pkoi the Blocker, a novice MiFi (D:6)
  An orc sorcerer (Orc:1)
  15 cyclopes (Orc:1)
  Maggie (D:6)
  A kobold demonologist (D:9)
  5 trolls (Orc:1)
  A shadow (D:9)
  5 wyverns (D:9)
  An acid dragon (D:9)
  3 water moccasins
  4 wargs
  A hornet zombie (D:7)
  An ice beast (D:6)
  Purgy (Sewer)
  30 orc warriors
  A black bear (D:9)
  9 ogres
  2 necrophages (D:5)
  3 wolves (Orc:1)
  3 centaurs
  A phantom (D:4)
  A kobold brigand (D:8)
  6 bullfrogs
  3 gnoll sergeants
  7 scorpions
  3 wyvern skeletons
  7 killer bees
  A water moccasin skeleton (D:5)
  10 wights
  4 howler monkeys
  2 bullfrog zombies (D:5)
  A centaur zombie (D:8)
  2 hounds
  4 orc priests
  3 iron imps (D:5)
  3 jellies
  A bullfrog skeleton (D:5)
  A centaur skeleton (D:5)
  9 orc wizards
  2 iguanas
  A hound zombie (D:5)
  A hound skeleton (D:4)
  3 howler monkey zombies (D:9)
  10 adders
  14 gnolls
  5 worms
  A dart slug (D:2)
  59 orcs
  5 ball pythons
  13 bats
  5 endoplasms
  6 giant cockroaches
  5 hobgoblins
  3 jackals (D:3)
  2 quokkas
  4 frilled lizards
  12 goblins
  17 kobolds
  6 rats
338 creatures vanquished.

Vanquished Creatures (others)
  43 fungi (D:9)
  60 plants
103 creatures vanquished.

Grand Total: 441 creatures vanquished

Notes
Turn   | Place    | Note
-------+----------+-------------------------------------------
     0 | D:1      | unlimited1921 the Troll Hunter began the quest for the Orb.
     0 | D:1      | Reached XP level 1. HP: 19/19 MP: 0/0
   254 | D:1      | Reached XP level 2. HP: 28/28 MP: 1/1
   792 | D:1      | Found a faded altar of an unknown god.
  1155 | D:2      | Reached XP level 3. HP: 36/36 MP: 2/2
  1233 | D:2      | Found Risoebuc's Distillery.
  1244 | D:2      | Bought a potion of heal wounds for 60 gold pieces
  1408 | D:2      | Reached XP level 4. HP: 45/45 MP: 3/3
  1791 | D:3      | Found a glowing drain.
  1806 | Sewer    | Entered a sewer
  1871 | Sewer    | Noticed Purgy
  1879 | Sewer    | Killed Purgy
  1880 | Sewer    | Reached skill level 1 in Stealth
  1880 | Sewer    | Reached XP level 5. HP: 37/54 MP: 4/4
  2071 | D:3      | Found a sparkling altar of Nemelex Xobeh.
  2695 | D:4      | Noticed a phantom
  2718 | D:4      | Killed a phantom
  2719 | D:4      | Reached XP level 6. HP: 48/63 MP: 5/5
  3230 | D:4      | Found Xiastavu's Serpentskin Sales.
  4069 | D:5      | Entered Level 5 of the Dungeon
  4153 | D:5      | Reached skill level 5 in Fighting
  4340 | D:5      | Reached XP level 7. HP: 72/72 MP: 6/6
  4374 | D:5      | Found a staircase to the Ecumenical Temple.
  4382 | Temple   | Entered the Ecumenical Temple
  5135 | D:5      | Found a broken altar of Ashenzari.
  5392 | D:5      | Found a burning altar of Makhleb.
  5403 | D:5      | Reached XP level 8. HP: 84/84 MP: 7/7
  6226 | D:6      | Found a white marble altar of Elyvilon.
  6226 | D:6      | Found a glowing silver altar of Zin.
  6226 | D:6      | Found a glowing golden altar of the Shining One.
  6236 | D:6      | Found a runed translucent door.
  6240 | D:6      | Noticed pkoi's ghost (novice MiFi)
  6355 | D:6      | Identified the +3 chain mail of the Neverending Friars
                  | {Harm rC+ rN+++ Str-5 Dex-3}
  6640 | D:6      | Noticed Maggie
  6650 | D:6      | Killed Maggie
  6799 | D:6      | Gained mutation: Your body sometimes deteriorates upon
                  | taking damage. [potion of mutation]
  6934 | D:6      | Lost mutation: Your body sometimes deteriorates upon taking
                  | damage. [potion of mutation]
  6934 | D:6      | Gained mutation: You are dopey. (Int -2) [potion of
                  | mutation]
  6934 | D:6      | Gained mutation: You are frail. (-10% HP) [potion of
                  | mutation]
  6934 | D:6      | Gained mutation: Your muscles are strong. (Str +2) [potion
                  | of mutation]
  6934 | D:6      | Gained mutation: You have a pair of small horns on your
                  | head. [potion of mutation]
  6996 | D:6      | Found a runed translucent door.
  7310 | D:6      | Reached skill level 5 in Dodging
  7324 | D:6      | Killed pkoi's ghost
  7325 | D:6      | Reached XP level 9. HP: 59/87 MP: 8/8
  7355 | D:6      | Reached skill level 1 in Armour
  7716 | D:7      | Found a flagged portal.
  7778 | Bailey   | Entered a bailey
  7794 | Bailey   | Reached skill level 1 in Throwing
  8220 | Bailey   | Reached skill level 3 in Crossbows
  8618 | Bailey   | Reached XP level 10. HP: 93/96 MP: 9/9
  8685 | Bailey   | Noticed an orc knight
  8710 | Bailey   | Reached skill level 4 in Crossbows
  8718 | Bailey   | Killed an orc knight
  9151 | D:7      | Reached skill level 5 in Crossbows
 12465 | D:8      | Found a transporter.
 12468 | D:8      | Found a transporter.
 12470 | D:8      | Noticed GlazedDonut's ghost (novice DrSu)
 12471 | D:8      | Noticed a manticore
 13029 | D:9      | Found a hazy altar of Hepliaklqana.
 13186 | D:9      | Reached skill level 6 in Crossbows
 13224 | D:9      | Found an iron altar of Okawaru.
 13226 | D:9      | Found an ancient bone altar of Kikubaaqudgha.
 13336 | D:9      | Found a staircase to the Orcish Mines.
 13597 | D:9      | Noticed a rust devil
 13891 | D:9      | Reached skill level 7 in Crossbows
 13943 | D:9      | Reached XP level 11. HP: 103/103 MP: 10/10
 13953 | D:9      | Found a staircase to the Lair.
 14168 | D:9      | Found an opulent altar of Gozag.
 14419 | D:9      | Became a worshipper of Gozag Ym Sagoz the Greedy
 15082 | Orc:1    | Entered Level 1 of the Orcish Mines
 15082 | Orc:1    | Noticed an orc sorcerer
 15084 | Orc:1    | Killed an orc sorcerer
 15085 | Orc:1    | Noticed an orc knight
 15093 | Orc:1    | Killed an orc knight
 15333 | Orc:1    | Reached skill level 8 in Crossbows
 15757 | Orc:1    | Found Nuerol's CLEARANCE SALE! EVERYTHING MUST GO!.
 15768 | Orc:1    | Bought a wand of paralysis (9) for 77 gold pieces
 15768 | Orc:1    | Bought a scroll of acquirement for 364 gold pieces
 15768 | Orc:1    | Acquired a +4 arbalest of freezing
 15786 | Orc:1    | Reached skill level 9 in Crossbows
 15937 | Orc:1    | Noticed a two-headed ogre
 15940 | Orc:1    | Killed a two-headed ogre
 16182 | Orc:1    | Reached XP level 12. HP: 89/111 MP: 11/11
 16503 | Orc:1    | Noticed a two-headed ogre
 16507 | Orc:1    | Killed a two-headed ogre
 16508 | Orc:1    | Reached skill level 10 in Crossbows
 16678 | Orc:1    | Bought a ring of resist corrosion for 140 gold pieces
 16798 | Orc:1    | Reached skill level 5 in Armour
 16944 | Orc:1    | Noticed a stone giant
 16947 | Orc:1    | Noticed an ettin
 17098 | Orc:1    | Killed an ettin
 17403 | Orc:2    | Entered Level 2 of the Orcish Mines
 17446 | Orc:1    | HP: 4/111 [stone giant/large rock (27)]
 17447 | Orc:1    | Hit by a large rock thrown by a stone giant

Illustrated notes

Levels and vault maps discovered:
D:1:      roderic_crossed_star, layout_basic,
          shapermc_ecumenical_altar_mp_vishouse
D:2:      layout_loops_ring, serial_shops, nicolae_shop_statue_plus,
          minmay_pentomino_pile
D:3:      layout_loops_ring, lemuel_doored_altar, cheibrodos_sewer_entry_drain,
          wander_ebering_terrifying_dragon_lair
D:4:      layout_cave_pods, guppyfry_shop_venom
D:5:      layout_basic, demons_altar, ashenzari_altar_1,
          minmay_temple_entry_wispy
D:6:      layout_basic, good_gods_mini_temple, ebering_ghost_sewer_f,
          uniq_maggie
D:7:      layout_rooms, enter_bailey_5
D:8:      layout_cave_pods, gammafunk_ghost_arena
D:9:      layout_basic, mainiacjoe_overflow_surrounded_room,
          grunt_gozag_breadcrumbs, amcnicky_altar_gilded,
          mainiacjoe_overflow_alcove_4, due_lair_maze_entry_diamond,
          roderic_serpentine_path, wad_rectangle_vault
Temple:   compressed_dpeg_triangle_lava_temple
Orc:1:    giant_chief_lemuel, layout_caves, nicolae_shop_clearance
Orc:2:    st_orc_town, layout_caves, minmay_orc_keep

Skill      XL: |  1  2  3  4  5  6  7  8  9 10 11 12 |
---------------+-------------------------------------+-----
Dodging        | 2 3 4 5 6 |  6.0
Fighting       | 2 3 4 5 6 8 9 |  9.6
Stealth        | 1 2 |  2.0
Armour         | 2 3 4 5 |  5.0
Throwing       | 1 |  1.0
Crossbows      | 3 7 9 10 | 10.8
Short Blades   | |  0.4
Shields        | |  0.6

Action                   |  1- 3 |  4- 6 |  7- 9 | 10-12 || total
-------------------------+-------+-------+-------+-------++-------
Melee: Short sword       |       |   188 |   154 |     2 ||   344
       Headbutt          |       |       |    22 |    19 ||    41
       Hand crossbow     |       |       |     3 |       ||     3
       Arbalest          |       |       |       |     3 ||     3
       Long sword        |       |       |       |    39 ||    39
       Dagger            |       |       |       |     1 ||     1
 Fire: Hand crossbow     |    75 |    25 |   145 |       ||   245
       Arbalest          |       |       |    39 |   438 ||   477
Throw: Dart              |       |       |     5 |       ||     5
       Throwing net      |       |       |       |     1 ||     1
Evoke: Wand              |       |       |       |     8 ||     8
  Use: Scroll            |       |       |    11 |    10 ||    21
       Potion            |       |       |     4 |     5 ||     9
 Stab: Sleeping          |       |     3 |       |       ||     3
Armor: Robe              |    18 |    58 |    17 |       ||    93
       Swamp dragon scal |       |       |    41 |    89 ||   130
Dodge: Dodged            |    21 |   128 |   184 |   227 ||   560
Block: Other             |       |       |       |    36 ||    36
       Reflection        |       |       |       |     5 ||     5
